 Dungeon Crawl Stone Soup version 0.28.0-45-g0d030f2227 (webtiles) character file.

Game seed: 16889130412775057909

1590 Icepheonix32 the Covered (level 8, -1/61 HPs)
             Began as a Demonspawn Fighter on Apr 12, 2022.
             Was an Initiate of Hepliaklqana.
             Succumbed to a water moccasin's poison
             ... on level 6 of the Dungeon.
             The game lasted 00:06:17 (6172 turns).

Icepheonix32 the Covered (Demonspawn Fighter)       Turns: 6172, Time: 00:06:18

Health: -1/61      AC: 16    Str: 16    XL:     8   Next: 61%
Magic:  17/17      EV:  7    Int: 11    God:    Hepliaklqana [......]
Gold:   273        SH:  5    Dex: 14    Spells: 7/7 levels left

rFire   + . .      SeeInvis .   A - +6 whip "Regahywk" {venom, rPois}
rCold   + . .      Faith    .   c - +0 buckler
rNeg    + . .      Spirit   .   B - +4 chain mail
rPois   +          Reflect  .   (helmet restricted)
rElec   .          Harm     .   s - scarf {rC+ rF+}
rCorr   .          Rampage  .   (no gloves)
Will    .....                   (no boots)
Stlth   ..........              f - amulet of the acrobat
HPRegen 0.20/turn               p - ring of magical power
MPRegen 0.15/turn               C - ring of Paranoia {rN+ Slay+2}

@: lethally poisoned (-1 -> -7), about to teleport
A: antennae 1, molten scales 1, demonic guardian 1, foul stench 1, talons 1,
devolution 1
a: Renounce Religion


You were on level 6 of the Dungeon.
You worshipped Hepliaklqana.
Hepliaklqana was noncommittal.
You visited 2 branches of the dungeon, and saw 7 of its levels.

You collected 273 gold pieces.

Inventory:

Hand Weapons
 a - a +0 long sword
 h - a +1 dagger of electrocution
 n - a +3 mace
 A - the +6 whip "Regahywk" (weapon) {venom, rPois}
   (You found it on level 5 of the Dungeon)

   It poisons the flesh of those it strikes.
   rPois:     It protects you from poison.
 G - a +3 flail of protection
Missiles
 v - 2 boomerangs (quivered)
Armour
 b - a +0 scale mail
 c - a +0 buckler (worn)
 s - a scarf of resistance (worn)
 B - a +4 chain mail (worn)
 H - a +2 scale mail of willpower
Magical Staves
 m - a staff of conjuration
 o - a staff of air
Jewellery
 f - an amulet of the acrobat (around neck)
 p - a ring of magical power (left hand)
 C - the ring of Paranoia (right hand) {rN+ Slay+2}
   (You found it on level 5 of the Dungeon)

   [ring of positive energy]

   Slay:      It affects your accuracy & damage with ranged weapons and melee
   (+2).
   rN:        It protects you from negative energy.
Wands
 i - a wand of acid (2)
 q - a wand of flame (10)
Scrolls
 e - a scroll of blinking {unknown}
 g - a scroll of immolation
 j - 3 scrolls of identify
 k - 2 scrolls of teleportation
 w - a scroll of enchant weapon
 x - a scroll of vulnerability {unknown}
 y - a scroll of magic mapping {unknown}
 z - a scroll of fear {unknown}
 F - a scroll of amnesia {unknown}
Potions
 t - a potion of haste
 E - a potion of cancellation


   Skills:
 + Level 4.8 Fighting
 - Level 2.0(3.1) Short Blades
 - Level 3.6(4.0) Long Blades
 + Level 2.5 Maces & Flails
 + Level 2.8 Throwing
 * Level 6.8 Armour
 + Level 1.4 Dodging
 + Level 1.2 Stealth
 + Level 3.7 Shields
 + Level 0.3 Evocations


You had 7 spell levels left.
You didn't know any spells.
Your spell library contained the following spells:

 Spells                   Type           Power      Damage    Failure   Level
 Corpse Rot               Necr/Air       0%         N/A       100%        2
 Poisonous Vapours        Pois/Air       0%         N/A       100%        2


Dungeon Overview and Level Annotations

Branches:
Dungeon (6/15)             Temple (1/1) D:5

Altars:
Dithmenos
Elyvilon
Fedhas
Gozag
Hepliaklqana
Kikubaaqudgha
Makhleb
Okawaru
Qazlal
Ru
Sif Muna
Trog
Uskayaw
Wu Jian
Yredelemnul
Zin


Innate Abilities, Weirdness & Mutations

You have a pair of small antennae on your head.
You are partially covered in molten scales. (AC +2)
A weak demonic guardian rushes to your aid.
You may rarely emit foul miasma when damaged in melee.
You have sharp toenails.
You have hidden genetic defects.


Message History

It was a potion of curing.
You feel better. The hound bites you.
* * * LOW HITPOINT WARNING * * *
The water moccasin bites you.
* * * LOW HITPOINT WARNING * * *
You are lethally poisoned!
The water moccasin poisons you!
Your quasit closely misses the water moccasin.
Your quasit barely misses the water moccasin.
Your quasit completely misses the water moccasin.
The hound bites you but does no damage. You block the water moccasin's attack.
Okay, then.
As you read the scroll labelled EFALUGR DERUGAY, it crumbles to dust.
It is a scroll of identify.
w - a scroll of enchant weapon
* * * LOW HITPOINT WARNING * * *
You feel very sick.
Your quasit barely misses the water moccasin. x2
Your quasit claws the water moccasin.
The hound closely misses you. You block the water moccasin's attack.
Your quasit barely misses the water moccasin.
Your quasit claws the water moccasin.
Your quasit closely misses the water moccasin.
As you read the scroll labelled BANEL RASO, it crumbles to dust.
You feel strangely unstable.
It was a scroll of teleportation.
* * * LOW HITPOINT WARNING * * *
You feel sick. The hound bites you but does no damage.
The water moccasin barely misses you.
Your quasit barely misses the water moccasin.
Your quasit claws the water moccasin but does no damage.
Your quasit misses the water moccasin. The hound bites you but does no damage.
The water moccasin bites you.
* * * LOW HITPOINT WARNING * * *
Unknown command.
Okay, then.
Really quaff the potion of mutation?
You feel extremely strange.
Your body's shape seems more normal.
You feel frail.
You feel a hidden malignance growing inside you.
Your toenails lengthen and sharpen.
You die...

## ############# #[
............# o #
≈≈≈≈≈≈≈≈≈≈≈≈#####≈≈....##
≈≈≈≈≈≈≈≈≈≈≈≈≈≈≈≈≈≈≈....#.
≈≈≈≈≈≈≈≈h≈≈≈≈≈≈≈≈≈≈....#.
.......hOg...... P.....##
.#######h####### #..##...
#@# #..##.##
###S#########..##.##
#.5#..............##
#.#.#########.......
#.#.# ##†##### #.#.# #.#
#.#.# #.##### ....#
#...... ..### #######


You could see a water moccasin (ally target), an ogre, a gnoll shaman, a howler
monkey, 2 hounds and a friendly quasit (summoned).

Vanquished Creatures
  Eustachio (D:6)
  Edmund (D:6)
  2 water moccasins
  Duvessa (D:6)
  A sky beast (D:5)
  An ice beast (D:5)
  3 ogres
  2 centaurs (D:5)
  A phantom (D:5)
  A scorpion (D:5)
  Dowan (D:6)
  A water moccasin skeleton (D:5)
  A hound (D:6)
  Ijyb (D:3)
  2 orc wizards (D:3)
  2 adders (D:5)
  2 shadow imps (D:6)
  4 dart slugs
  11 orcs
  2 ball pythons
  4 bats
  3 endoplasms
  4 giant cockroaches
  7 hobgoblins
  4 jackals (D:1)
  6 quokkas
  3 frilled lizards
  7 goblins
  12 kobolds
  5 rats
96 creatures vanquished.

Vanquished Creatures (others)
  4 plants (D:5)
4 creatures vanquished.

Grand Total: 100 creatures vanquished

Notes
Turn   | Place    | Note
-------+----------+-------------------------------------------
     0 | D:1      | Icepheonix32 the Demonspawn Fighter began the quest for the
                  | Orb.
     0 | D:1      | Reached XP level 1. HP: 18/18 MP: 1/1
   212 | D:1      | Gained mutation: You may rarely emit foul miasma when
                  | damaged in melee. [demonic ancestry]
   212 | D:1      | Reached XP level 2. HP: 24/24 MP: 2/2
   252 | D:1      | Found a faded altar of an unknown god.
   460 | D:1      | Reached XP level 3. HP: 29/29 MP: 3/3
   840 | D:2      | Found an ancient bone altar of Kikubaaqudgha.
  1698 | D:3      | Reached skill level 3 in Armour
  1698 | D:3      | Gained mutation: You have a pair of small antennae on your
                  | head. [demonic ancestry]
  1698 | D:3      | Reached XP level 4. HP: 35/35 MP: 4/4
  2010 | D:3      | Found a hide-covered altar of Uskayaw.
  2011 | D:3      | Noticed Ijyb
  2019 | D:3      | Killed Ijyb
  2020 | D:3      | Reached skill level 1 in Short Blades
  2447 | D:3      | Gained mutation: A weak demonic guardian rushes to your
                  | aid. [demonic ancestry]
  2447 | D:3      | Reached XP level 5. HP: 24/41 MP: 5/5
  3345 | D:4      | Noticed an ogre
  3353 | D:4      | Killed an ogre
  3780 | D:5      | Entered Level 5 of the Dungeon
  3780 | D:5      | Noticed a phantom
  3787 | D:5      | Killed a phantom
  3788 | D:5      | Reached XP level 6. HP: 35/47 MP: 6/6
  3885 | D:5      | Reached skill level 1 in Throwing
  3885 | D:5      | Reached skill level 4 in Armour
  4072 | D:5      | Identified the +6 whip "Regahywk" {venom, rPois}
  4105 | D:5      | Reached skill level 1 in Stealth
  4308 | D:5      | Reached skill level 1 in Dodging
  4308 | D:5      | Reached XP level 7. HP: 45/53 MP: 7/7
  4756 | D:5      | Reached skill level 5 in Armour
  4760 | D:5      | Identified the ring of Paranoia {rN+ Slay+2}
  4838 | D:5      | Found a hazy altar of Hepliaklqana.
  4839 | D:5      | Found a staircase to the Ecumenical Temple.
  4848 | D:5      | Reached skill level 1 in Maces & Flails
  4868 | Temple   | Entered the Ecumenical Temple
  5310 | D:5      | Became a worshipper of Hepliaklqana the Forgotten
  5557 | D:6      | Noticed Edmund
  5573 | D:6      | Killed Edmund
  5574 | D:6      | Reached skill level 6 in Armour
  5574 | D:6      | Gained mutation: You are partially covered in molten
                  | scales. (AC +2) [demonic ancestry]
  5574 | D:6      | Reached XP level 8. HP: 29/60 MP: 8/8
  5780 | D:6      | Noticed Eustachio
  5784 | D:6      | Noticed Dowan
  5796 | D:6      | Killed Dowan
  5806 | D:6      | Killed Eustachio
  5808 | D:6      | Noticed Duvessa
  5815 | D:6      | Killed Duvessa
  6168 | D:6      | Gained mutation: You are robust. (+10% HP) [potion of
                  | mutation]
  6168 | D:6      | Gained mutation: Armour fits poorly on your strangely
                  | shaped body. [potion of mutation]
  6171 | D:6      | HP: 1/67 [water moccasin (4)]
  6172 | D:6      | Lost mutation: Armour fits poorly on your strangely shaped
                  | body. [potion of mutation]
  6172 | D:6      | Lost mutation: You are robust. (+10% HP) [potion of
                  | mutation]
  6172 | D:6      | Gained mutation: You have hidden genetic defects. [potion
                  | of mutation]
  6172 | D:6      | Gained mutation: You have sharp toenails. [potion of
                  | mutation]
  6172 | D:6      | Succumbed to a water moccasin's poison

Illustrated notes

Levels and vault maps discovered:
D:1:      minmay_arrival_arboretum_large, layout_rooms,
          hellmonk_ecumenical_altar_blasted, minmay_misc_feat_nine_boxes
D:2:      layout_basic, basic_altar, lemuel_old_faithful
D:3:      layout_loops_ring, mainiacjoe_overflow_concentric_impassable,
          item_on_display_a, uniq_ijyb
D:4:      layout_basic, serial_forest, infiniplex_forest_lined_2,
          infiniplex_forest_straight_2, infiniplex_forest_corner_2,
          infiniplex_forest_end_double
D:5:      layout_basic, mainiacjoe_overflow_boulevard,
          minmay_temple_entry_stoned_glass, minivault_25, nrook_uturn,
          serial_bayou_pond_e, kennysheep_generic_room_12
D:6:      lemuel_castle_with_subvaults [lemuel_castle_interior_carwin_3],
          layout_loops_ring, cheibrodos_worm_habitat, uniq_edmund,
          uniq_eustachio, uniq_duvessa
Temple:   minmay_temple_curvy_branch

Skill      XL: |  1  2  3  4  5  6  7  8 |
---------------+-------------------------+-----
Long Blades    | 2 3 |  3.6
Shields        | 3 |  3.7
Armour         | 3 4 6 |  6.8
Short Blades   | 1 2 |  2.0
Throwing       | 1 2 |  2.8
Stealth        | 1 |  1.2
Dodging        | 1 |  1.4
Fighting       | 4 |  4.8
Maces & Flails | 1 2 |  2.5
Evocations     | |  0.3

Action                   |  1- 3 |  4- 6 |  7- 9 || total
-------------------------+-------+-------+-------++-------
Melee: Long sword        |    87 |       |       ||    87
       Dagger            |    30 |   112 |       ||   142
       Whip              |       |     4 |   101 ||   105
Throw: Boomerang         |       |    21 |       ||    21
Evoke: Wand              |       |     2 |     2 ||     4
  Use: Potion            |       |     1 |     8 ||     9
       Scroll            |       |       |     2 ||     2
Armor: Scale mail        |    63 |    36 |     8 ||   107
       Chain mail        |       |       |    48 ||    48
       Skin              |       |       |    20 ||    20
Dodge: Dodged            |    50 |    52 |    29 ||   131
Block: Buckler           |    27 |    15 |    40 ||    82
